 Dungeon Crawl Stone Soup version 0.28-a0-1374-ga75cb3825e (webtiles) character file.

Game seed: 14967381188303450716

154 funkygono the Firebug (level 5, -3/28 HPs)
             Began as a Gargoyle Fire Elementalist on Dec 31, 2021.
             Slain by a wight (7 damage)
             ... on level 4 of the Dungeon.
             The game lasted 00:08:18 (3465 turns).

funkygono the Firebug (Gargoyle Fire Elementalist)  Turns: 3465, Time: 00:08:19

Health: -3/28      AC: 11    Str: 11    XL:     5   Next: 36%
Magic:  3/9        EV: 11    Int: 24    God:
Gold:   108        SH:  0    Dex: 10    Spells: 0/10 levels left

rFire   + . .      SeeInvis .   k - +2 whip (vamp)
rCold   . . .      Faith    .   (no shield)
rNeg    + . .      Spirit   .   i - +2 leather armour {rF+}
rPois   ∞          Reflect  .   (no helmet)
rElec   +          Harm     .   (no cloak)
rCorr   .          Rampage  .   o - +1 pair of gloves
Will    .....                   (no boots)
Stlth   ++........              (no amulet)
HPRegen 0.09/turn               f - +6 ring of intelligence
MPRegen 0.11/turn               (no ring)

@: very slightly contaminated
A: sickness immunity, AC +4, negative energy resistance 1, electricity
resistance, torment resistance 1, petrification resistance
a: no special abilities


You were on level 4 of the Dungeon.
You visited 1 branch of the dungeon, and saw 4 of its levels.

You collected 108 gold pieces.

Inventory:

Hand Weapons
 b - a +0 whip
 c - a +0 dagger
 k - a +2 vampiric whip (weapon)
Missiles
 m - 95 stones
Armour
 a - a +0 robe
 i - a +2 leather armour of fire resistance (worn)
 o - a +1 pair of gloves (worn)
 q - an orb of energy
Magical Staves
 h - a staff of death
Jewellery
 f - a +6 ring of intelligence (left hand)
Scrolls
 j - a scroll of magic mapping
Potions
 d - a potion of cancellation
 e - a potion of might {unknown}
 g - a potion of curing {unknown}
 l - 2 potions of resistance
 n - a potion of haste {unknown}
 p - a potion of heal wounds {unknown}


   Skills:
 + Level 0.2 Armour
 + Level 2.0 Dodging
 - Level 2.1 Stealth
 * Level 3.0 Spellcasting
 * Level 2.3 Conjurations
 * Level 4.6 Fire Magic


You couldn't memorise any spells.
You knew the following spells:

 Your Spells              Type           Power      Damage    Failure   Level
a - Foxfire               Conj/Fire      80%        2x1d8     3%          1
b - Scorch                Fire           50%        2d7       3%          2
c - Conjure Flame         Conj/Fire      20%        6-21      11%         3
d - Flame Wave            Conj/Fire      20%        2d6       34%         4

Your spell library contained the following spells:

 Spells                   Type           Power      Damage    Failure   Level
 Inner Flame              Hex/Fire       14%        N/A       17%         3
 Corpse Rot               Necr/Air       6%         N/A       22%         2
 Poisonous Vapours        Pois/Air       6%         N/A       22%         2


Dungeon Overview and Level Annotations

Branches:
Dungeon (4/15)
 Temple: D:4-7

Altars:


Innate Abilities, Weirdness & Mutations

You are immune to sickness and miasma.
Your stone body is resilient. (AC +4)
You are immune to poison.
You resist negative energy. (rN+)
You are resistant to electric shocks. (rElec)
You are resistant to unholy torment.
You are immune to petrification.


Message History

Confirm with . or Enter, or press ? or * to list all spells.
You conjure some foxfire!
The foxfire hits the wight but does no damage.
The foxfire hits the wight.
The wight is lightly damaged.
The foxfire hits the wight but does no damage.
The wight is lightly damaged.
Your foxfire dissipates!
Casting: Foxfire (safe; 3% risk of failure)
Confirm with . or Enter, or press ? or * to list all spells.
You conjure some foxfire!
Casting: Foxfire (safe; 3% risk of failure)
Confirm with . or Enter, or press ? or * to list all spells.
You conjure some foxfire!
The foxfire hits the wight.
The wight is heavily damaged.
The foxfire hits the wight.
The wight is heavily damaged.
The wight barely misses you.
Your foxfire dissipates!
The foxfire hits the wight but does no damage.
The wight is heavily damaged.
Casting: Foxfire (safe; 3% risk of failure)
Confirm with . or Enter, or press ? or * to list all spells.
You conjure some foxfire!
The wight hits you with a +4 battleaxe!
Casting: Foxfire (safe; 3% risk of failure)
Confirm with . or Enter, or press ? or * to list all spells.
You miscast Foxfire.
You are very lightly contaminated with residual magic.
Nothing appears to happen.
The foxfire hits the wight.
The wight is severely damaged.
The foxfire hits the wight but does no damage.
The wight is severely damaged.
The wight hits you with a +4 battleaxe!
* * * LOW HITPOINT WARNING * * *
Casting: Foxfire (safe; 3% risk of failure)
Confirm with . or Enter, or press ? or * to list all spells.
You conjure some foxfire!
The wight hits you with a +2 falchion.
* * * LOW HITPOINT WARNING * * *
The wight hits you with a +4 battleaxe!
You die...

#....#
#.##.##
#.....#
####..#
#..#
#..#
#..#
#vv#
#@.#
#zz#
#..#
#..#
#..#
#..#
#..#
#..##.#
#.....#


You could see 2 wights.

Vanquished Creatures
  An orc priest (D:3)
  An orc wizard (D:3)
  An adder (D:3)
  An adder skeleton (D:2)
  3 worms
  3 dart slugs
  3 orcs (D:3)
  4 ball pythons
  8 bats
  3 endoplasms (D:1)
  4 giant cockroaches
  9 goblins
  11 hobgoblins
  3 quokkas
  A frilled lizard (D:1)
  7 kobolds
  3 rats
66 creatures vanquished.

Vanquished Creatures (collateral kills)
  7 foxfires (D:1)
7 creatures vanquished.

Vanquished Creatures (others)
  4 demonic plants (D:1)
  182 foxfires
  7 fungi (D:1)
  97 plants (D:1)
  2 withered plants (D:1)
292 creatures vanquished.

Grand Total: 365 creatures vanquished

Notes
Turn   | Place    | Note
-------+----------+-------------------------------------------
     0 | D:1      | funkygono the Gargoyle Fire Elementalist began the quest
                  | for the Orb.
     0 | D:1      | Reached XP level 1. HP: 10/10 MP: 3/3
    92 | D:1      | Reached XP level 2. HP: 15/15 MP: 0/5
   456 | D:1      | Found a faded altar of an unknown god.
   620 | D:1      | Reached XP level 3. HP: 19/19 MP: 4/6
   623 | D:1      | Learned a level 2 spell: Scorch
   631 | D:1      | Learned a level 3 spell: Conjure Flame
   694 | D:1      | You fall into a shaft and drop 1 floor!
  1909 | D:2      | Reached skill level 4 in Fire Magic
  1910 | D:2      | Reached XP level 4. HP: 24/24 MP: 0/7
  2578 | D:3      | Reached XP level 5. HP: 28/28 MP: 4/9
  3333 | D:3      | Learned a level 4 spell: Flame Wave
  3465 | D:4      | Slain by a wight

Illustrated notes

Levels and vault maps discovered:
D:1:      roderic_crop_circles_arrival_small, layout_loops_ring,
          shapermc_ecumenical_altar_gd
D:2:      layout_basic
D:3:      layout_loops_cross, hangedman_decor_opposing
D:4:      layout_basic, uniq_crazy_yiuf_cottage

Skill      XL: |  1  2  3  4  5 |
---------------+----------------+-----
Fire Magic     | 4 |  4.6
Dodging        | 2 |  2.0
Conjurations   | 2 |  2.3
Spellcasting   | 3 |  3.0
Armour         | |  0.2
Stealth        | |  2.1

Action                   |  1- 3 |  4- 6 || total
-------------------------+-------+-------++-------
Melee: Unarmed           |    45 |       ||    45
       Dagger            |    34 |       ||    34
       Whip              |    92 |       ||    92
 Cast: Foxfire           |    64 |    50 ||   114
       Scorch            |     5 |     3 ||     8
  Use: Scroll            |     5 |     3 ||     8
Armor: Robe              |    22 |       ||    22
       Leather armour    |     2 |       ||     2
Dodge: Dodged            |    19 |     3 ||    22

Table legend: (Time is in decaauts)
 A = Elapsed time spent in this place.
 B = Non-inter-level travel time spent in this place.
 C = Inter-level travel time spent in this place.
 D = Time resting spent in this place.
 E = Time spent auto-exploring this place.
 F = Levels seen in this place.
 G = Mean time per level.
                   A        B        C        D        E       F      G
               +--------+--------+--------+--------+--------+-----+--------+
         Total |   3472 |   3350 |    122 |    238 |   2235 |   4 |  868.0 |
       Dungeon |   3472 |   3350 |    122 |    238 |   2235 |   4 |  868.0 |
               +--------+--------+--------+--------+--------+-----+--------+

Top non-repeatable levels by time:
     D:1: 1412 daAuts
     D:3: 996 daAuts
     D:2: 972 daAuts
     D:4: 90 daAuts
